 Dungeon Crawl Stone Soup version 0.24-a0-434-gd57e52fea8 (webtiles) character file.

Game seed: 5844064590623136202

1222 EnegeticOcto the Fighter (level 8, -4/64 HPs)
             Began as a Mummy Wanderer on June 15, 2019.
             Was a Priest of Hepliaklqana.
             Killed from afar by Ijyb (16 damage)
             ... with a puff of flame
             ... on level 5 of the Dungeon.
             The game lasted 00:06:53 (5794 turns).

EnegeticOcto the Fighter (Mummy Wanderer)           Turns: 5794, Time: 00:06:53

Health: -4/64      AC:  9    Str: 17    XL:     8   Next: 23%
Magic:  26/26      EV:  6    Int: 15    God:    Hepliaklqana [***...]
Gold:   146        SH:  2    Dex:  8    Spells: 7/7 levels left

rFire    x . .     SeeInvis .   q - +6 dagger "Wytay" {drain, rN+ MP+9}
rCold    + + .     Gourm    .   (no shield)
rNeg     + + +     Faith    .   l - +0 chain mail {rC+}
rPois    ∞         Spirit   .   (no helmet)
rElec    .         Reflect  +   (no cloak)
rCorr    .         Harm     .   m - +0 pair of gloves
MR       +....                  (no boots)
Stlth    ..........             s - +2 amulet of reflection
HPRegen  0.20/turn              j - ring of wizardry
MPRegen  0.20/turn              h - ring of magical power

@: no status effects
A: no food or potions, fire vulnerability, reduced essence, cold resistance 1,
negative energy resistance 3, torment resistance, unbreathing
a: Recall Ancestor, Ancestor Identity, Transference, Renounce Religion


You were on level 5 of the Dungeon.
You worshipped Hepliaklqana.
Hepliaklqana was most pleased with you.
You were not hungry.

You visited 1 branch of the dungeon, and saw 5 of its levels.

You collected 146 gold pieces.

Inventory:

Hand Weapons
 b - a +2 dagger of venom
 o - a +0 dagger of distortion
 p - a +4 dagger of chaos
 q - the +6 dagger "Wytay" (weapon) {drain, rN+ MP+9}
   (You took it off a kobold on level 4 of the Dungeon)

   A truly terrible weapon, it drains the life of those it strikes.
   It protects you from negative energy.
   It affects your magic capacity (+9).
Missiles
 g - 96 arrows
 r - 15 poisoned darts (quivered)
Armour
 l - a +0 chain mail of cold resistance (worn)
 m - a +0 pair of gloves (worn)
Jewellery
 h - a ring of magical power (right hand)
 j - a ring of wizardry (left hand)
 s - a +2 amulet of reflection (around neck)
Wands
 n - a wand of acid (6)
Scrolls
 a - a scroll of fog {!r}
 c - 3 scrolls of teleportation {@r3 !r}
 d - 2 scrolls of blinking {@r4}
 e - 3 scrolls of enchant armour
 f - 2 scrolls of fear {!r}
 i - a scroll of amnesia
 k - a scroll of magic mapping {@r5 !r}
 t - a scroll of identify {@r1}


   Skills:
 + Level 10.1 Fighting
   Level 1.5 Long Blades
   Level 1.5 Bows
 - Level 1.5 Armour
 - Level 1.0 Stealth
   Level 1.0 Shields


You had 7 spell levels left.
You didn't know any spells.
Your spell library contained the following spells:

 Spells                   Type           Power        Failure   Level  Hunger
 Confusing Touch          Hex            #.....       85%         1    N/A
 Confuse                  Hex            #.......     99%         3    N/A
 Gell's Gravitas          Tloc           #.........   99%         3    N/A
 Petrify                  Tmut/Erth      #.......     100%        4    N/A
 Metabolic Englaciation   Hex/Ice        #.........   100%        5    N/A
 Yara's Violent Unravell  Hex/Tmut       #.........   100%        5    N/A

Dungeon Overview and Level Annotations

Branches:
Dungeon (5/15)
 Temple: D:4-7

Altars:
Hepliaklqana
Trog
Uskayaw
Xom
The Shining One

Annotations:
D:5 Ijyb


Innate Abilities, Weirdness & Mutations

You do not eat or drink.
Your flesh is vulnerable to fire.
You are immune to poison.
Your flesh is cold resistant. (rC+)
You are immune to negative energy. (rN+++)
You are immune to unholy pain and torment.
You can survive without breathing.
Your life essence is reduced to manifest your ancestor. (-10% HP)


Message History

The centaur hits you but does no damage.
The centaur hits you.
You puncture the centaur!
The centaur is severely wounded.
The centaur hits you.
You hit the centaur. You drain the centaur.
The centaur is almost dead.
The centaur hits you but does no damage. x2
You puncture the centaur!
You kill the centaur!
You have reached level 8!
g - 95 arrows (gained 21)
Things that are here:
a +0 shortbow; a centaur corpse You swap places.
You see here a +0 trident.
Things that are here:
a +0 club; an orc corpse
g - 96 arrows (gained 1)
Things that are here:
a +0 dagger; a cursed +0 robe; an orc corpse You swap places.
There is a stone staircase leading down here.
Things that are here:
a +0 dagger; a cursed +0 robe; an orc corpse
Things that are here:
a +0 club; an orc corpse You see here a +0 trident.
Things that are here:
a +0 shortbow; a centaur corpse A jelly, a phantom and Menkaure come into view.
Menkaure shouts!
The jelly quivers.
Found a whip, 2 viscous dark potions and a ration.
You swap places.
Menkaure casts a spell.
Menkaure seems to speed up.
Found a stone staircase leading up.
The phantom hits Sinnashi.
The phantom blinks!
You miss the phantom.
Sinnashi barely misses the phantom.
The phantom blinks!
You swap places.
The jelly hits you but does no damage.
You hit the jelly. You drain the jelly.
Your hands burn!
The jelly is heavily wounded.
The jelly hits you.
You are splashed with acid!
Your chain mail prevents you from hitting the jelly.
The jelly is heavily wounded.
The jelly barely misses you.
You hit the jelly. You drain the jelly.
You kill the jelly!
Sinnashi completely misses the phantom.
The phantom hits Sinnashi but does no damage.
You puncture Menkaure!
Menkaure is moderately damaged.
Menkaure hits you!
Sinnashi hits the phantom with a +0 flail!
The phantom hits Sinnashi!
Sinnashi hits the phantom but does no damage.
Sinnashi blocks the phantom's attack.
Menkaure hits you but does no damage. The phantom barely misses you.
Sinnashi hits the phantom with a +0 flail!
You hit Menkaure.
Menkaure is heavily damaged.
Menkaure hits you! The phantom hits you.
Evoke which item? (* to show all) (? for menu, Esc to quit)
Aiming: Corrosive Bolt
Press: ? - help, Shift-Dir - straight line, f - Menkaure
Aim: Menkaure (heavily damaged, fast)
The bolt of acid hits Menkaure.
Menkaure is splashed with acid!
You destroy Menkaure!
Your Fighting skill increases to level 10!
Sinnashi closely misses the phantom.
The phantom hits you.
* * * LOW HITPOINT WARNING * * *
The phantom blinks!
The phantom hits you.
* * * LOW HITPOINT WARNING * * *
You miss the phantom.
The phantom is heavily damaged.
Sinnashi misses the phantom.
The phantom barely misses you.
You hit the phantom.
The phantom is heavily damaged.
Sinnashi closely misses the phantom.
The phantom hits you but does no damage.
You hit the phantom but do no damage.
The phantom is heavily damaged.
Sinnashi misses the phantom.
You closely miss the phantom.
The phantom is heavily damaged.
The phantom hits you.
* * * LOW HITPOINT WARNING * * *
The phantom blinks!
Your chain mail prevents you from hitting the phantom.
The phantom is heavily damaged.
Sinnashi completely misses the phantom.
Ijyb the Twisted Goblin comes into view.
She is wielding a +0 club and carrying a wand of flame (13).
The phantom hits you.
* * * LOW HITPOINT WARNING * * *
Ijyb shouts!
Sinnashi hits the phantom with a +0 flail.
Ijyb zaps a wand.
The puff of flame hits you! The fire burns you terribly!
You die...

!M......#....#
........###..#
......W.###..#
%.......#....#
.......##.#..#
#......# #
#.#.#.R##
....#...W.#
g......@#.#
#........#.#
###.####.#.#
... ..#.# #
..# ##.# ...
..#


You could see the friendly Sinnashi the knight, a phantom and Ijyb.

Vanquished Creatures
  Eustachio (D:4)
  Menkaure (D:5)
  A centaur (D:5)
  A crimson imp (D:5)
  A jelly (D:5)
  A hound (D:5)
  An orc wizard (D:5)
  A worker ant (D:5)
  2 gnolls (D:4)
  6 adders
  An ooze (D:1)
  2 worms
  A leopard gecko (D:2)
  3 orcs (D:5)
  2 giant cockroaches
  2 goblins
  7 hobgoblins
  5 jackals
  7 kobolds
  4 bats
  5 frilled lizards
  8 rats
63 creatures vanquished.

Vanquished Creatures (collateral kills)
  The ghost of skelma the Slasher, a novice DsMo (D:4)
  Edmund (D:4)
  An ogre (D:4)
  A hound (D:4)
  4 adders
  A gnoll (D:4)
  2 worms (D:4)
  A leopard gecko (D:2)
  An orc (D:4)
  A giant cockroach (D:4)
  A goblin (D:2)
  2 jackals (D:4)
  11 kobolds
28 creatures vanquished.

Grand Total: 91 creatures vanquished

Notes
Turn   | Place    | Note
-------+----------+-------------------------------------------
     0 | D:1      | EnegeticOcto the Mummy Wanderer began the quest for the
                  | Orb.
     0 | D:1      | EnegeticOcto set off with the following items: a +2
                  | falchion, a +0 ring mail, a scroll of teleportation {@r3
                  | !r}
     0 | D:1      | Reached XP level 1. HP: 16/16 MP: 1/1
   438 | D:1      | Reached XP level 2. HP: 18/23 MP: 2/2
   516 | D:1      | Reached skill level 3 in Fighting
  1124 | D:2      | Found a faded altar of an unknown god.
  1129 | D:2      | Reached XP level 3. HP: 27/29 MP: 3/3
  1136 | D:2      | Became a worshipper of Hepliaklqana the Forgotten
  1136 | D:2      | Reached * piety under Hepliaklqana
  1344 | D:2      | Found a glowing golden altar of the Shining One.
  1524 | D:2      | Reached skill level 4 in Fighting
  2103 | D:3      | Reached ** piety under Hepliaklqana
  2108 | D:3      | Remembered your ancestor Sinnashi as a knight
  2297 | D:3      | Reached XP level 4. HP: 23/34 MP: 4/4
  2662 | D:3      | Found a hide-covered altar of Uskayaw.
  2664 | D:3      | Found a bloodstained altar of Trog.
  2970 | D:3      | Found a hazy altar of Hepliaklqana.
  3258 | D:4      | Reached skill level 5 in Fighting
  3258 | D:4      | Reached XP level 5. HP: 39/39 MP: 5/5
  3615 | D:4      | Found a shimmering altar of Xom.
  3634 | D:4      | Noticed Edmund
  3649 | D:4      | Killed Edmund
  3649 | D:4      | Reached skill level 6 in Fighting
  3649 | D:4      | Reached XP level 6. HP: 25/47 MP: 6/6
  4000 | D:4      | Reached *** piety under Hepliaklqana
  4117 | D:4      | Reached skill level 7 in Fighting
  4541 | D:4      | Found a runed translucent gate.
  4545 | D:4      | Found a runed translucent gate.
  4545 | D:4      | Identified the +6 dagger "Wytay" {drain, rN+ MP+9}
  4545 | D:4      | Noticed skelma's ghost (novice DsMo)
  4546 | D:4      | Found a runed translucent gate.
  4651 | D:4      | Noticed Eustachio
  4718 | D:4      | Killed Eustachio
  4718 | D:4      | Reached XP level 7. HP: 22/54 MP: 7/7
  5216 | D:4      | Killed skelma's ghost
  5216 | D:4      | Reached skill level 9 in Fighting
  5489 | D:5      | Entered Level 5 of the Dungeon
  5646 | D:5      | Reached XP level 8. HP: 47/64 MP: 8/8
  5763 | D:5      | Noticed Menkaure
  5784 | D:5      | Killed Menkaure
  5784 | D:5      | Reached skill level 10 in Fighting
  5793 | D:5      | Noticed Ijyb
  5794 | D:5      | Killed from afar by Ijyb

Levels and vault maps discovered:
D:1:      sevenhm_arrival_forest_fort_small_4, layout_basic
D:2:      layout_basic, tso_metal_star, chequers_ecumenical_altar_simple_redux
D:3:      layout_loops_corners, lemuel_coloured_pillars_altar,
          chequers_temple_overflow_statue_of_worship
D:4:      layout_cave_pods, nicolae_overflow_hidden_temple,
          nicolae_overflow_crystal_walls, gammafunk_ghost_nasty_kobolds,
          uniq_edmund, uniq_eustachio
D:5:      layout_basic, fedhas_altar_4, first_ration, uniq_grinder,
          uniq_menkaure, uniq_ijyb

Skill      XL: |  1  2  3  4  5  6  7  8 |
---------------+-------------------------+-----
Fighting       | 3 4 5 6 7 9 10 | 10.1
Long Blades    | |  1.5
Bows           | |  1.5
Armour         | |  1.5
Stealth        | |  1.0
Shields        | |  1.0

Action                   |  1- 3 |  4- 6 |  7- 9 || total
-------------------------+-------+-------+-------++-------
Melee: Falchion          |   113 |    25 |       ||   138
       Dagger            |       |   123 |    93 ||   216
Invok: Ancestor Life: Kn |     1 |       |       ||     1
Evoke: Wand              |       |       |     1 ||     1
  Use: Scroll            |       |     6 |       ||     6
Armor: Ring mail         |    50 |       |       ||    50
       Chain mail        |    13 |   122 |    39 ||   174
Dodge: Dodged            |    64 |    60 |    26 ||   150
Block: Other             |       |       |     2 ||     2
       Rpst.: Falchion   |    25 |     5 |       ||    30

Table legend:
 A = Non-vault XP
 B = Vault XP
 C = Vault XP percentage of total XP
 D = Non-vault monster count
 E = Vault monster count
 F = Vault count percentage of total count
                 A         B        C        D         E       F
            +---------+---------+-------+---------+---------+-------
      Total |     771 |     976 |  55.9 |      77 |      14 |  15.4
            +---------+---------+-------+---------+---------+-------
        D:1 |      30 |       0 |   0.0 |      16 |       0 |   0.0
        D:2 |      60 |       0 |   0.0 |      15 |       0 |   0.0
        D:3 |      70 |       0 |   0.0 |      20 |       0 |   0.0
        D:4 |     266 |     804 |  75.1 |      16 |      13 |  44.8
        D:5 |     345 |     172 |  33.3 |      10 |       1 |   9.1
            +---------+---------+-------+---------+---------+-------
